 Dungeon Crawl Stone Soup version 0.28.0-53-g5a82cb258f (webtiles) character file.

Game seed: 12300579851477171552

2749 safid the Severer (level 9, -1/72 HPs)
             Began as a Hill Orc Fighter on July 10, 2022.
             Was a Believer of Beogh.
             Slain by a gnoll
             ... wielding a +0 trident
              (5 damage)
             ... in a bailey.
             The game lasted 00:09:55 (7541 turns).

safid the Severer (Hill Orc Fighter)                Turns: 7541, Time: 00:09:55

Health: -1/72      AC: 18    Str: 29    XL:     9   Next: 68%
Magic:  9/9        EV:  9    Int:  8    God:    Beogh [**....]
Gold:   330        SH:  5    Dex: 14    Spells: 8/8 levels left

rFire   . . .      SeeInvis .   n - +7 mace "Hydra's Death Toll" {protect, Dex+4}
rCold   . . .      Faith    .   c - +0 buckler
rNeg    . . .      Spirit   .   b - +0 scale mail
rPois   .          Reflect  .   (no helmet)
rElec   .          Harm     .   m - +0 cloak {Stlth+}
rCorr   .          Rampage  .   H - +2 pair of gloves
Will    .....                   (no boots)
Stlth   +.........              (no amulet)
HPRegen 0.22/turn               f - +6 ring of strength
MPRegen 0.11/turn               q - +4 ring of slaying

@: lit by a corona, weak-willed, under a protective aura, glowing
A: no striking features
a: Renounce Religion, Smiting


You were in a bailey.
You worshipped Beogh.
Beogh was pleased with you.
You visited 1 branch of the dungeon, and saw 7 of its levels.
You also visited: Sewer and Bailey.

You collected 330 gold pieces.

Inventory:

Hand Weapons
 n - the +7 mace "Hydra's Death Toll" (weapon) {protect, Dex+4}
   (You found it on level 2 of the Dungeon)

   It grants its wielder temporary protection when it strikes (+7 to AC).
   Dex:       It affects your dexterity (+4).
 y - a +1 war axe of electrocution
Missiles
 a - 3 throwing nets
 e - 6 boomerangs (quivered)
 B - 3 curare-tipped darts
 J - 2 poisoned darts
Armour
 b - a +0 scale mail (worn)
 c - a +0 buckler (worn)
 m - a +0 cloak of stealth (worn)
 H - a +2 pair of gloves (worn)
Jewellery
 f - a +6 ring of strength (left hand)
 k - a ring of resist corrosion
 q - a +4 ring of slaying (right hand)
Wands
 v - a wand of iceblast (5)
 G - a wand of flame (8)
 I - a wand of acid (8)
Scrolls
 g - 4 scrolls of teleportation
 j - 3 scrolls of enchant weapon
 l - 2 scrolls of torment
 o - a scroll of immolation
 p - a scroll of silence {unknown}
 A - a scroll of fear {unknown}
 E - a scroll of amnesia {unknown}
 F - a scroll of magic mapping {unknown}
 K - 2 scrolls of identify
Potions
 d - 3 potions of might
 h - 2 potions of curing
 i - 2 potions of degeneration {unknown}
 r - a potion of brilliance {unknown}
 s - a potion of mutation {unknown}
 t - 3 potions of haste
 u - a potion of magic {unknown}
 w - a potion of attraction {unknown}
 z - a potion of invisibility {unknown}
 C - a potion of berserk rage {unknown}
 D - 2 potions of lignification {unknown}


   Skills:
 + Level 4.5 Fighting
 - Level 16.0 Axes
 - Level 4.0 Armour
 - Level 4.0 Shields


You had 8 spell levels left.
You didn't know any spells.
Your spell library contained the following spells:

 Spells                   Type           Power      Damage    Failure   Level
 Fireball                 Conj/Fire      0%         3d3       100%        5
 Iskenderun's Battlesphe  Conj           0%         2d6       100%        5
 Summon Forest            Summ/Tloc      0%         N/A       100%        5
 Conjure Ball Lightning   Conj/Air       0%         3x3d6     100%        6
 Eringya's Noxious Bog    Tmut/Pois      0%         N/A       100%        6
 Orb of Destruction       Conj           0%         9d5       100%        7
 Summon Hydra             Summ           0%         N/A       100%        7


Dungeon Overview and Level Annotations

Branches:
Dungeon (7/15)             Temple (0/1) D:5           Sewer (visited)
 Bailey (1/1)

Altars:
Cheibriados
Xom


Message History

You barely miss the gnoll.
The gnoll sergeant hits you with a +0 halberd.
* * * LOW HITPOINT WARNING * * *
The gnoll sergeant hits you but does no damage.
The gnoll hits you with a +0 trident.
* * * LOW HITPOINT WARNING * * *
The gnoll closely misses you.
The gnoll hits you from afar with a +0 spear.
* * * LOW HITPOINT WARNING * * *
The gnoll shaman closely misses you.
You sock the gnoll!
The gnoll is heavily wounded.
The gnoll sergeant hits you but does no damage.
The gnoll barely misses you. You block the gnoll's attack.
The gnoll shaman hits you but does no damage.
Unknown command.
You hit the gnoll sergeant.
The gnoll sergeant is lightly wounded.
The gnoll sergeant closely misses you. The gnoll hits you but does no damage.
The gnoll hits you from afar with a +0 spear.
* * * LOW HITPOINT WARNING * * *
The gnoll hits you but does no damage.
The gnoll shaman calls down the wrath of its god upon you.
You are outlined in light.
The gnoll sergeant hits you with a +0 halberd!
* * * LOW HITPOINT WARNING * * *
You feel better.
The gnoll sergeant hits you but does no damage.
The gnoll hits you from afar with a +0 spear.
* * * LOW HITPOINT WARNING * * *
The gnoll hits you from afar with a +0 halberd.
* * * LOW HITPOINT WARNING * * *
You block the gnoll shaman's attack. The gnoll sergeant closely misses you.
Unknown command.
Unknown command.
Unknown command.
As you read the scroll labelled NUZEOCSUMAU, it crumbles to dust.
Magic quickly surges around you.
It was a scroll of vulnerability.
The gnoll hits you with a +0 trident.
You die...

#...≈≈♣♣ #..≈.♣
#..≈.♣♣ #..≈..♣ ###
#..≈..♣ #... #..≈..♣♣
..... #####..≈...♣♣
..$g.g#...'.g.g...♣♣♣#
g.8..g'...'(gg@..∩..∩#
..$...#...'.g.g...♣♣♣#
..gg. #####..≈...♣♣
#... #..≈...♣ ###
#..≈...♣ #..≈..♣♣
#..≈.♣♣ #..≈.♣
#...≈≈♣♣


You could see 2 gnoll sergeants, a gnoll shaman (weak-willed) and 3 gnolls.

Vanquished Creatures
  A komodo dragon (D:6)
  Prince Ribbit (D:6)
  A yak (D:6)
  Menkaure (D:4)
  Duvessa (D:7)
  A sky beast (D:6)
  An orc warrior (D:6)
  A necrophage (D:6)
  A centaur (D:6)
  A phantom (D:5)
  2 bullfrogs
  2 scorpions
  A wyvern skeleton (D:7)
  Dowan (D:7)
  2 water moccasin skeletons (D:6)
  A howler monkey (D:6)
  A centaur zombie (D:7)
  8 hounds
  2 jellies (Sewer)
  2 bullfrog zombies
  3 bullfrog skeletons
  Crazy Yiuf (D:2)
  An iguana (D:7)
  5 orc wizards (D:6)
  A killer bee zombie (D:7)
  3 hound skeletons
  2 gnolls (Bailey)
  10 adders
  2 river rats (Sewer)
  A white imp (D:6)
  2 ufetubi
  An adder skeleton (D:4)
  2 worms (D:4)
  14 orcs
  3 bats
  13 endoplasms
  13 giant cockroaches
  8 goblins
  6 hobgoblins
  8 jackals
  5 kobolds
  8 quokkas
  10 ball pythons
  14 frilled lizards
  7 rats
175 creatures vanquished.

Vanquished Creatures (others)
  An adder (D:4)
  2 orcs (D:4)
  A giant cockroach (D:4)
4 creatures vanquished.

Grand Total: 179 creatures vanquished

Notes
Turn   | Place    | Note
-------+----------+-------------------------------------------
     0 | D:1      | safid the Hill Orc Fighter began the quest for the Orb.
     0 | D:1      | Reached XP level 1. HP: 19/19 MP: 1/1
   255 | D:1      | Reached skill level 3 in Axes
   255 | D:1      | Reached XP level 2. HP: 14/27 MP: 2/2
   482 | D:1      | Found a faded altar of an unknown god.
   789 | D:2      | Reached XP level 3. HP: 27/33 MP: 3/3
  1403 | D:2      | Reached XP level 4. HP: 25/40 MP: 4/4
  1643 | D:2      | Reached skill level 4 in Axes
  1983 | D:2      | Found a runed translucent door.
  1984 | D:2      | Noticed Crazy Yiuf
  2021 | D:2      | Killed Crazy Yiuf
  2026 | D:2      | Identified the +7 mace "Hydra's Death Toll" {protect,
                  | Dex+4}
  2506 | D:3      | Reached skill level 5 in Axes
  2566 | D:3      | Reached XP level 5. HP: 46/46 MP: 5/5
  3111 | D:4      | Reached skill level 6 in Axes
  3120 | D:4      | Found a glowing drain.
  3134 | Sewer    | Entered a sewer
  3497 | Sewer    | Reached XP level 6. HP: 52/52 MP: 6/6
  3504 | Sewer    | Reached skill level 7 in Axes
  3551 | Sewer    | Found a viscous altar of Jiyva.
  3661 | D:4      | Noticed Menkaure
  3662 | D:4      | Became a worshipper of Beogh the Brigand
  3667 | D:4      | Killed Menkaure
  3668 | D:4      | Reached skill level 8 in Axes
  3670 | D:4      | Reached XP level 7. HP: 59/59 MP: 7/7
  3708 | D:4      | Reached skill level 9 in Axes
  4387 | D:5      | Entered Level 5 of the Dungeon
  4443 | D:5      | Reached skill level 10 in Axes
  4830 | D:5      | Found a shimmering altar of Xom.
  4837 | D:5      | Found a snail-covered altar of Cheibriados.
  4985 | D:5      | Found a staircase to the Ecumenical Temple.
  5459 | D:6      | Reached XP level 8. HP: 66/66 MP: 8/8
  5471 | D:6      | Reached skill level 11 in Axes
  5620 | D:6      | Noticed a komodo dragon
  5631 | D:6      | Killed a komodo dragon
  5632 | D:6      | Reached skill level 12 in Axes
  6090 | D:6      | Reached * piety under Beogh
  6094 | D:6      | Reached skill level 13 in Axes
  6133 | D:6      | Noticed Prince Ribbit
  6157 | D:6      | Killed Prince Ribbit
  6158 | D:6      | Reached XP level 9. HP: 56/71 MP: 9/9
  6353 | D:6      | Reached skill level 14 in Axes
  6419 | D:6      | Reached skill level 15 in Axes
  6933 | D:7      | Noticed Dowan
  6933 | D:7      | Noticed Duvessa
  6939 | D:7      | Killed Dowan
  6944 | D:7      | Killed Duvessa
  7365 | D:7      | Reached ** piety under Beogh
  7444 | D:7      | Found a flagged portal.
  7453 | D:7      | Reached skill level 16 in Axes
  7457 | Bailey   | Entered a bailey
  7539 | Bailey   | HP: 3/72 [gnoll sergeant/+0 halberd (12)]
  7541 | Bailey   | Slain by a gnoll

Illustrated notes

Levels and vault maps discovered:
D:1:      giann_wishing_wells, layout_rooms, chequers_ecumenical_altar_island
D:2:      layout_loops_cross, uniq_crazy_yiuf_cottage
D:3:      layout_loops_ring, saegor_snake_ambush
D:4:      layout_basic, gup_sewer_entry_pipe, uniq_menkaure
D:5:      layout_gridville, nicolae_overflow_squiral, lemuel_temple_firewalk_b,
          minmay_quadrilaterals
D:6:      layout_loops_ring, minmay_fractal_squares_5, uniq_prince_ribbit1
D:7:      layout_loops_ring, enter_bailey_4,
          nicolae_concentric_dashed_squares_wild, kb_rosetta, uniq_duvessa
Bailey:   bailey_polearm_gnolls_kennysheep, bailey

Skill      XL: |  1  2  3  4  5  6  7  8  9 |
---------------+----------------------------+-----
Axes           | 3 5 6 8 10 13 16 | 16.0
Fighting       | 4 |  4.5
Armour         | 4 |  4.0
Shields        | 4 |  4.0

Action                   |  1- 3 |  4- 6 |  7- 9 || total
-------------------------+-------+-------+-------++-------
Melee: War axe           |    91 |    17 |       ||   108
       Mace              |       |   148 |   246 ||   394
Throw: Boomerang         |       |     1 |       ||     1
Invok: Convert to Beogh  |       |     1 |       ||     1
  Use: Potion            |       |     1 |     1 ||     2
       Scroll            |       |       |     6 ||     6
 Stab: Distracted        |       |     2 |       ||     2
       Sleeping          |       |       |     1 ||     1
Armor: Scale mail        |    59 |    70 |   166 ||   295
Dodge: Dodged            |    39 |    66 |   112 ||   217
Block: Buckler           |    20 |    35 |    58 ||   113
